 Dungeon Crawl Stone Soup version 0.17-a0-1667-g4ca74a1 (webtiles) character file.

38578 Ladykiller69 the Severer (level 14, -1/110 HPs)
             Began as a Formicid Fighter on July 30, 2015.
             Was the Champion of Cheibriados.
             Slain by a black mamba (10 damage)
             ... on level 8 of the Lair of Beasts on Aug 17, 2015.
             The game lasted 01:23:12 (19574 turns).

Ladykiller69 the Severer (Formicid Fighter)        Turns: 19574, Time: 01:23:12

Health: -1/110     AC: 20    Str: 40    XL:     14   Next: 35%
Magic:  21/21      EV: 12    Int: 24    God:    Cheibriados [******]
Gold:   1756       SH: 16    Dex: 25    Spells: 1 memorised, 11 levels left

rFire  . . .     SeeInvis +     a - +1 war axe
rCold  . . .     Clarity  .     l - +0 plate armour
rNeg   . . .     SustAt   .     c - +0 shield
rPois  .         Gourm    .     (helmet unavailable)
rElec  .         Spirit   .     A - +2 cloak
rCorr  .         Warding  .     (no gloves)
rMut   .         Stasis   +     f - +2 pair of boots
MR     +....                    (no amulet)
Stlth  ..........               y - +4 ring of evasion
                                C - ring of wizardry

@: very slow, somewhat resistant to hostile enchantments, extremely unstealthy
A: permanent stasis, dig shafts and tunnels, four strong arms, antennae 3
a: Dig, Shaft Self, Bend Time, Temporal Distortion, Slouch, Step From Time,
Renounce Religion


You were on level 8 of the Lair of Beasts.
You worshipped Cheibriados.
Cheibriados was exalted by your worship.
You were hungry.

You visited 4 branches of the dungeon, and saw 22 of its levels.

You collected 1756 gold pieces.

Inventory:

Hand weapons
 a - a +1 war axe (weapon)
 R - the +2 mace of the Heavens {pain, Str+3 Int+4}
   (You found it on level 1 of the Lair of Beasts)

   In the hands of one skilled in necromantic magic, it inflicts extra damage on
   living creatures.
   It affects your strength (+3).
   It affects your intelligence (+4).
Missiles
 d - 5 tomahawks of returning
 o - 5 silver tomahawks
 F - 4 javelins (quivered)
 M - 12 tomahawks
Armour
 c - a +0 shield (worn)
 f - a +2 pair of boots (worn)
 l - a +0 plate armour (worn)
 A - a +2 cloak (worn)
Rods
 V - a -2 rod of shadows (12/12)
   (You found it on level 1 of the Lair of Beasts)
Jewellery
 g - an uncursed ring of fire
 y - a +4 ring of evasion (right hand)
 C - a ring of wizardry (left hand)
 I - an uncursed amulet of the gourmand
 S - an uncursed amulet of resist corrosion
Magical devices
 q - a wand of polymorph (11)
 D - a wand of polymorph (6)
Scrolls
 b - 3 scrolls of noise
 h - 3 scrolls of identify
 i - 5 scrolls of recharging
 j - a scroll of holy word {unknown}
 m - 5 scrolls of remove curse
 n - a scroll of amnesia
 p - a scroll of fear
 t - a scroll of magic mapping
 v - 6 scrolls of enchant armour
 O - a scroll of immolation
 U - 2 scrolls of enchant weapon
Potions
 k - 8 potions of curing
 s - a potion of brilliance
 u - a potion of invisibility
 w - a potion of ambrosia
 x - 2 potions of lignification
 E - 2 potions of poison {unknown}
 H - a potion of mutation {unknown}
 N - 4 potions of flight {unknown}
 P - 2 potions of agility {unknown}
Comestibles
 e - 10 bread rations
 r - 6 meat rations
 z - 19 fruits
 Q - 30 royal jellies


   Skills:
 + Level 10.3 Fighting
 * Level 16.4 Axes
 - Level 8.0 Armour
 - Level 11.2 Shields
 + Level 10.2 Invocations


You had 11 spell levels left.
You knew the following spells:

 Your Spells              Type           Power        Failure   Level  Hunger
a - Repel Missiles        Chrm/Air       #.....       58%         2    ###....


Dungeon Overview and Level Annotations

Branches:
Dungeon (12/15)            Temple (1/1) D:4            Lair (8/8) D:11
  Swamp (0/4) Lair:6        Slime (0/6) Lair:6          Orc (2/4) D:10
  Snake: Lair:3-6    Spider: Lair:3-6

Altars:
Ashenzari
Cheibriados
Dithmenos
Elyvilon
Fedhas
Gozag
Kikubaaqudgha
Makhleb
Nemelex Xobeh
Okawaru
Qazlal
Ru
Sif Muna
Trog
Vehumet
Xom
Yredelemnul
Zin
The Shining One
Beogh
Jiyva

Shops:
D:4 *   D:10 *   D:11 (   Orc:1 ?

Portals:
Trove: D:10 (give +2 gold dragon armour)

Annotations:
Orc:1 Fannar, Gastronok


Innate Abilities, Weirdness & Mutations

You are under a permanent stasis effect.
You can dig through walls and to a lower floor.
Your four strong arms can wield two-handed weapons with a shield.
You have a pair of large antennae on your head (SInv).


Message History

The wolf is lightly wounded.
You slash the water moccasin!
You kill the water moccasin!
Cheibriados thoroughly appreciates the change of pace.
You hit the water moccasin but do no damage.
The water moccasin is moderately wounded.
You block the water moccasin's attack. You block the black mamba's attack.
The wolf bites you but does no damage.
You slash the black mamba!
The black mamba is severely wounded.
You slash the water moccasin!
The water moccasin is severely wounded.
You barely miss the wolf.
The wolf is heavily wounded.
You slash the wolf!
The wolf is severely wounded.
You miss the wolf. The wolf bites you.
* * * LOW HITPOINT WARNING * * *
You block the wolf's attack. The black mamba bites you!
You die...

{ ###
{{###$.#
{###....#
...###h†S.#
.....[h@S#
...P..h†##
...P...##
..SP..#
...P## ..h.
... ..


You could see a polar bear, a black mamba, 2 water moccasins and 3 wolves.

Vanquished Creatures
  4 hydras
  6 death yaks
  Urug (Lair:1)
  The ghost of Xiguana the Basher, an experienced GrBe of Trog (Lair:1)
  2 hill giants
  2 oklob plants (D:11)
  The ghost of Xiguana the Thaumaturge, an experienced DEIE of Vehumet (D:8)
  2 cyclopes (D:11)
  2 ugly things (D:11)
  Maurice (Orc:1)
  2 black mambas
  A torpor snail (Lair:2)
  8 spiny frogs
  5 komodo dragons
  4 trolls
  2 queen bees
  A two-headed ogre (D:5)
  32 yaks
  A spriggan (Lair:2)
  4 basilisks
  2 hungry ghosts
  A wraith (D:10)
  5 hippogriffs
  12 water moccasins
  9 wolves
  A warg (Orc:1)
  3 swamp worms (D:9)
  An eye of draining (D:8)
  Duvessa (D:5)
  13 orc warriors
  5 porcupines
  A spider (Lair:8)
  4 ice beasts
  2 wasps
  5 sky beasts
  2 black bears
  5 centaurs
  7 ogres
  4 crocodiles
  2 big kobolds
  16 giant frogs
  45 killer bees
  3 scorpions
  8 wights
  Dowan (D:5)
  5 crimson imps
  A giant frog zombie (D:5)
  14 orc priests
  3 hounds
  14 jellies
  3 centaur skeletons
  2 giant frog skeletons (D:10)
  4 iguanas
  10 orc wizards
  2 quasits
  7 worker ants
  Terence (D:2)
  13 sheep
  A killer bee zombie (D:11)
  2 hound skeletons (D:11)
  7 gnolls
  A shadow imp (D:8)
  15 adders
  73 river rats
  7 oozes
  4 adder skeletons
  17 worms
  8 giant geckos
  86 orcs
  6 giant cockroaches
  9 hobgoblins
  8 jackals
  16 kobolds
  7 bats
  2 giant newts
  10 goblins
  7 quokkas
  A quokka zombie (D:6)
  5 rats (D:1)
  2 fungi
  3 plants
616 creatures vanquished.

Vanquished Creatures (others)
  A bush (Lair:2)
  10 fungi
  11 plants
22 creatures vanquished.

Grand Total: 638 creatures vanquished

Notes
Turn   | Place    | Note
--------------------------------------------------------------
     0 | D:1      | Ladykiller69 the Formicid Fighter began the quest for the Orb.
     0 | D:1      | Reached XP level 1. HP: 18/18 MP: 1/1
   283 | D:1      | Reached XP level 2. HP: 21/24 MP: 2/2
   416 | D:1      | Reached skill level 4 in Shields
   497 | D:1      | Reached XP level 3. HP: 27/29 MP: 3/3
   801 | D:2      | Noticed Terence
   830 | D:2      | Killed Terence
   830 | D:2      | Reached XP level 4. HP: 25/37 MP: 4/4
  1191 | D:2      | Reached XP level 5. HP: 34/42 MP: 5/5
  1900 | D:3      | Found a bloodstained altar of Trog.
  2358 | D:4      | Found Koklei's Assorted Antiques.
  2495 | D:4      | Found a shattered altar of Ashenzari.
  2526 | D:4      | Found a stormy altar of Qazlal.
  2526 | D:4      | Found a sparkling altar of Nemelex Xobeh.
  2665 | D:4      | Found a staircase to the Ecumenical Temple.
  2671 | Temple   | Entered the Ecumenical Temple
  2678 | Temple   | Reached XP level 6. HP: 34/48 MP: 6/6
  2759 | D:4      | Reached skill level 5 in Shields
  3199 | D:4      | Found a snail-covered altar of Cheibriados.
  3217 | D:4      | Became a worshipper of Cheibriados the Contemplative
  3238 | D:5      | Entered Level 5 of the Dungeon
  3281 | D:5      | Noticed an orc warrior
  3299 | D:5      | Killed an orc warrior
  3299 | D:5      | Reached skill level 5 in Axes
  3299 | D:5      | Reached XP level 7. HP: 18/54 MP: 7/7
  3588 | D:5      | Reached skill level 5 in Armour
  3716 | D:5      | Noticed Dowan
  3719 | D:5      | Noticed Duvessa
  3758 | D:5      | Killed Dowan
  3758 | D:5      | Acquired Cheibriados's first power
  3758 | D:5      | Reached XP level 8. HP: 43/60 MP: 8/8
  3782 | D:5      | Killed Duvessa
  3782 | D:5      | Reached skill level 6 in Axes
  3833 | D:5      | Noticed a two-headed ogre
  3999 | D:5      | Noticed an ice beast
  4007 | D:5      | Killed an ice beast
  4500 | D:5      | Found a sparkling altar of Nemelex Xobeh.
  4520 | D:5      | Found a radiant altar of Vehumet.
  4675 | D:5      | Killed a two-headed ogre
  4675 | D:5      | Reached skill level 7 in Axes
  4818 | D:6      | Noticed a hill giant
  4819 | D:6      | Reached XP level 9. HP: 61/65 MP: 9/9
  4827 | D:6      | Killed a hill giant
  4827 | D:6      | Reached skill level 8 in Axes
  5169 | D:7      | Found a shadowy altar of Dithmenos.
  5212 | D:7      | You fall through a shaft!
  5516 | D:8      | Found a glowing golden altar of the Shining One.
  5540 | D:8      | Reached skill level 9 in Axes
  5819 | D:8      | Noticed Xiguana's ghost (experienced DEIE)
  5826 | D:7      | Reached XP level 10. HP: 53/71 MP: 10/10
  6197 | D:7      | Reached skill level 10 in Axes
  6204 | D:7      | Acquired Cheibriados's second power
  6784 | D:7      | Found a shadowy altar of Dithmenos.
  7396 | D:8      | Killed Xiguana's ghost
  7673 | D:9      | Acquired Cheibriados's third power
  7972 | D:10     | Entered Level 10 of the Dungeon
  8144 | D:9      | Reached skill level 11 in Axes
  8144 | D:9      | Reached skill level 10 in Shields
  8438 | D:9      | Acquired Cheibriados's fourth power
  8687 | D:9      | Noticed a hill giant
  8699 | D:9      | Killed a hill giant
  8699 | D:9      | Reached XP level 11. HP: 44/77 MP: 11/11
  9506 | D:10     | Found Miseqies's Assorted Antiques.
  9721 | D:10     | Reached skill level 12 in Axes
  9964 | D:10     | Found a staircase to the Orcish Mines.
  9966 | D:10     | Found a roughly hewn altar of Beogh.
 10106 | D:10     | Reached skill level 1 in Invocations
 10360 | D:10     | Found a portal to a secret trove of treasure.
 10985 | D:11     | Noticed a cyclops
 11295 | D:11     | Noticed a white ugly thing
 11302 | D:11     | Killed a white ugly thing
 11302 | D:11     | Reached skill level 5 in Fighting
 11392 | D:11     | Killed a cyclops
 11677 | D:11     | Found a staircase to the Lair.
 11700 | D:11     | Reached skill level 13 in Axes
 11942 | D:11     | Reached XP level 12. HP: 81/86 MP: 15/15
 11951 | D:11     | Noticed an oklob plant
 11951 | D:11     | Noticed an oklob plant
 12146 | Orc:1    | Entered Level 1 of the Orcish Mines
 12331 | Orc:1    | Noticed Maurice
 12407 | Orc:1    | Found a roughly hewn altar of Beogh.
 12487 | Orc:1    | Found Udatycs's Magic Scroll Emporium.
 12497 | Orc:1    | Noticed Fannar
 12519 | Orc:1    | You fall through a shaft!
 12883 | Orc:1    | Noticed Gastronok
 12935 | Orc:1    | Killed Maurice
 13408 | D:11     | Noticed a cyclops
 13417 | D:11     | Reached skill level 5 in Invocations
 13430 | D:11     | Killed a cyclops
 13598 | D:11     | Found Tyurokir's Antique Weapon Shop.
 13672 | D:11     | Noticed a cyan ugly thing
 13682 | D:11     | Killed a cyan ugly thing
 13749 | D:11     | Reached skill level 14 in Axes
 14814 | D:11     | Killed an oklob plant
 15417 | D:11     | Killed an oklob plant
 15422 | Lair:1   | Entered Level 1 of the Lair of Beasts
 15441 | Lair:1   | Noticed Xiguana's ghost (experienced GrBe)
 15481 | Lair:1   | Killed Xiguana's ghost
 15481 | Lair:1   | Reached XP level 13. HP: 74/98 MP: 18/18
 15514 | Lair:1   | Noticed a five-headed hydra
 15518 | Lair:1   | You fall through a shaft!
 15613 | Lair:1   | Noticed Urug
 15631 | Lair:1   | Killed Urug
 15720 | Lair:1   | Got an ancient mace
 15721 | Lair:1   | Identified the cursed +2 mace of the Heavens {pain, Str+3 Int+4} (You found it on level 1 of the Lair of Beasts)
 15968 | Lair:1   | Killed a five-headed hydra
 15968 | Lair:1   | Reached skill level 15 in Axes
 16329 | Lair:1   | Noticed a four-headed hydra
 16343 | Lair:1   | Killed a four-headed hydra
 16393 | Lair:1   | Identified a -2 rod of shadows (12/12) (You found it on level 1 of the Lair of Beasts)
 17875 | Lair:3   | Upgraded the game from 0.17-a0-1596-g1e86911 to 0.17-a0-1651-gae1a69f
 17879 | Lair:3   | Learned a level 2 spell: Repel Missiles
 17962 | Lair:1   | Upgraded the game from 0.17-a0-1651-gae1a69f to 0.17-a0-1667-g4ca74a1
 18512 | Lair:4   | Reached XP level 14. HP: 107/109 MP: 21/21
 18547 | Lair:4   | Reached skill level 16 in Axes
 18763 | Lair:4   | You fall through a shaft for 2 floors!
 18888 | Lair:6   | Reached skill level 10 in Fighting
 19140 | Lair:6   | Found a staircase to the Swamp.
 19179 | Lair:6   | Found a viscous altar of Jiyva.
 19179 | Lair:6   | Found a staircase to the Slime Pits.
 19252 | Lair:6   | Reached skill level 10 in Invocations
 19552 | Lair:6   | HP: 5/110 [six-headed hydra (9)]
 19552 | Lair:6   | HP: 2/110 [five-headed hydra (3)]
 19553 | Lair:6   | You fall through a shaft for 2 floors!
 19553 | Lair:8   | Entered Level 8 of the Lair of Beasts
 19574 | Lair:8   | Slain by a black mamba

Vault maps used:
D:1:      wheals_arrival_linesprint, hangedman_decor_opposing
D:2:      uniq_terence
D:3:      lightli_temple_of_fire, first_bread, minmay_misc_feat_tiny,
          roderic_ancient_swastika
D:4:      cheibriados_altar_wand_db, overflow_temple_1_default,
          gammafunk_temple_overflow_statue, minmay_temple_entry_butterflies,
          serial_shops, nicolae_shop_overgrown_old_shop
D:5:      vehumet_altar_wand_db, basic_altar, uniq_duvessa
D:7:      lemuel_round_altar, basic_altar, uniq_crazy_yiuf_cottage
D:8:      basic_altar
D:9:      hangedman_little_slice_of_home, worms_lemuel
D:10:     david_orc_5, enter_trove_6, serial_shops, nicolae_shop_waterfront
D:11:     dpeg_oklobed_lair, serial_shops, nicolae_shop_statue_plus,
          grunt_ministairs_15, minivault_7
D:12:     hangedman_incinerator
Temple:   circular_temple_12
Lair:1:   serial_bayou_pond_d, uniq_urug
Lair:2:   grunt_forest_large_clearings, grunt_megastairs_1
Lair:3:   grunt_megastairs_2
Lair:4:   beast_lair_carwin_large_4, bh_autumn_forest_stairs,
          lemuel_fruit_fields
Lair:5:   zaba_antful_of_joy
Lair:6:   swamp_mist_pool, spider_nest_entry_funnel_web, slime_altar_1
Lair:8:   hangedman_lair_tendril_chambers, disabler_island, serial_bayou_shore_a
Orc:1:    basic_altar, serial_shops, shop_fountains, uniq_fannar, uniq_maurice,
          uniq_gastronok
Orc:2:    serial_shops, shop

Action                   |  1- 3 |  4- 6 |  7- 9 | 10-12 | 13-15 || total
-------------------------+-------+-------+-------+-------+-------++-------
Melee: War axe           |    89 |   200 |   325 |  1145 |   511 ||  2270
       Mace              |       |       |       |       |    90 ||    90
Throw: Javelin           |       |       |       |       |     1 ||     1
Invok: Slouch            |       |       |       |     2 |       ||     2
 Abil: Dig               |       |     3 |     7 |    34 |     8 ||    52
       Shaft Self        |       |       |     1 |     1 |     3 ||     5
  Use: Potion            |       |     1 |     1 |     1 |     3 ||     6
       Scroll            |       |       |       |     5 |    18 ||    23
 Stab: Distracted        |       |       |       |     5 |       ||     5
  Eat: Chunk             |       |     9 |     5 |    16 |     7 ||    37
       Pizza             |       |       |     1 |       |     1 ||     2
       Beef jerky        |       |       |       |     1 |       ||     1
       Bread ration      |       |       |       |     1 |       ||     1
